 Dungeon Crawl Stone Soup version 0.17.1-1-g73c8601 (webtiles) character file.

54 Glider the Grave Robber (level 3, 0/26 HPs)
             Began as a Demonspawn Necromancer on Dec 28, 2015.
             Slain by a bat (1 damage)
             ... on level 2 of the Dungeon.
             The game lasted 00:10:49 (2527 turns).

Glider the Grave Robber (Demonspawn Necromancer)    Turns: 2527, Time: 00:10:49

Health: 0/26       AC:  2    Str:  9    XL:     3   Next: 66%
Magic:  2/6        EV: 12    Int: 16    God:
Gold:   59         SH:  0    Dex: 15    Spells: 2 memorised, 2 levels left

rFire  + . .     SeeInvis .     k - +0 flail
rCold  . . .     Clarity  .     a - +0 robe
rNeg   . . .     SustAt   .     (no shield)
rPois  .         Gourm    .     (helmet restricted)
rElec  .         Spirit   .     (no cloak)
rCorr  .         Warding  .     (no gloves)
rMut   .         Stasis   .     (no boots)
MR     .....                    (no amulet)
Stlth  +++.......               (no ring)
                                j - ring of protection from fire

@: not resistant to hostile enchantments, fairly stealthy
A: antennae 1, thin skeletal structure 1
a: no special abilities


You were on level 2 of the Dungeon.
You were not hungry.

You visited 1 branch of the dungeon, and saw 2 of its levels.

You collected 59 gold pieces.

Inventory:

Hand Weapons
 i - a +0 short sword
 k - a +0 flail (weapon)
Armour
 a - a +0 robe (worn)
Jewellery
 j - a ring of protection from fire (left hand)
Scrolls
 d - a scroll of identify {unknown}
 h - a scroll of enchant weapon {unknown}
Potions
 e - a potion of curing {unknown}
 g - a potion of mutation {unknown}
Books
 b - a book of Necromancy

   Spells                             Type                      Level
   a - Pain                           Necromancy                   1
   b - Animate Skeleton               Necromancy                   1
   c - Vampiric Draining              Necromancy                   3
   d - Regeneration                   Charms/Necromancy            3
   e - Animate Dead                   Necromancy                   4
   f - Control Undead                 Necromancy                   4
Comestibles
 c - 2 bread rations
 f - a royal jelly
 l - a meat ration


   Skills:
 * Level 1.6 Fighting
 * Level 0.5 Maces & Flails
 - Level 2.0 Dodging
 - Level 2.1 Stealth
 - Level 2.0 Spellcasting
 * Level 0.3 Charms
 - Level 5.0 Necromancy


You had 2 spell levels left.
You knew the following spells:

 Your Spells              Type           Power        Failure   Level  Hunger
a - Pain                  Necr           ###.         2%          1    #......
b - Regeneration          Chrm/Necr      ##........   21%         3    ###....


Dungeon Overview and Level Annotations

Branches:
Dungeon (2/15)

Altars:


Innate Abilities, Weirdness & Mutations

You have a pair of small antennae on your head.
You have a somewhat thin skeletal structure (Dex +2, Stealth).


Message History

The bat hits you. The bat hits you but does no damage.
The bat closely misses you. The worm bites you.
You hit the worm.
The worm is almost dead.
The bat barely misses you. x2
The worm bites you!
* * * LOW HITPOINT WARNING * * *
The bat hits you but does no damage. The bat barely misses you.
Your skin stops crawling.
The bat barely misses you. The bat barely misses you.
The bat barely misses you. The bat hits you.
* * * LOW HITPOINT WARNING * * *
The bat misses you.
A hobgoblin comes into view. It is wielding a club.
The bat hits you but does no damage.
You barely miss the bat. The bat closely misses you.
You barely miss the bat. The bat hits you.
You die...

....... #######.....
## .....#.... ..
#.......##.#
#.........
.####......$#####.#
..........<.......#
#...........#.###..#
.............@.....#
#..........###b...###
............{......#
###.......(.w..#.####
..........w.........
....................
##.#.#<.......#.#.#g#
.......$.......#.#...#
###.#.#........#.# #.


You could see a hobgoblin (sleeping) and a bat.

Vanquished Creatures
  A worm (D:2)
  A giant gecko (D:1)
  3 orcs (D:1)
  2 ball pythons (D:1)
  5 bats (D:1)
  4 giant cockroaches (D:1)
  2 goblins (D:1)
  6 hobgoblins
  3 jackals (D:1)
  11 kobolds (D:1)
  2 giant newts (D:1)
  2 rats (D:1)
42 creatures vanquished.

Notes
Turn   | Place    | Note
--------------------------------------------------------------
     0 | D:1      | Glider the Demonspawn Necromancer began the quest for the Orb.
     0 | D:1      | Reached XP level 1. HP: 13/13 MP: 3/3
   331 | D:1      | Gained mutation: You have a pair of small antennae on your head. [demonic ancestry]
   331 | D:1      | Reached XP level 2. HP: 19/19 MP: 3/5
   347 | D:1      | Reached skill level 5 in Necromancy
   996 | D:1      | Reached skill level 1 in Fighting
  1188 | D:1      | Gained mutation: You have a somewhat thin skeletal structure (Dex +2, Stealth). [demonic ancestry]
  1188 | D:1      | Reached XP level 3. HP: 4/26 MP: 0/6
  1539 | D:1      | Learned a level 3 spell: Regeneration
  2517 | D:2      | HP: 1/26 [worm (11)]
  2522 | D:2      | HP: 1/26 [bat (1)]
  2527 | D:2      | Slain by a bat

Action                   || total
-------------------------++-------
Melee: Unarmed           ||    20
       Dagger            ||    35
       Flail             ||    22
       Short sword       ||     7
 Cast: Pain              ||    52
       Regeneration      ||     1
  Use: Scroll            ||     1
 Stab: Sleeping          ||     5
       Distracted        ||     1
  Eat: Chunk             ||     6
